 Dungeon Crawl Stone Soup version 0.30.1-9-gdf580d7c3d (webtiles) character file.

Game seed: 13547031074939905842

2209 monsoonserge the Shooter (level 9, -4/66 HPs)
             Began as a Demonspawn Warper on Oct 23, 2023.
             Splashed by Dowan the jelly's acid (7 damage)
             ... on level 6 of the Dungeon.
             The game lasted 00:21:08 (6116 turns).

monsoonserge the Shooter (Demonspawn Warper)        Turns: 6116, Time: 00:21:09

Health: -4/66      AC: -4    Str: 11    XL:     9   Next: 13%
Magic:  12/12      EV: 16    Int: 15    God:
Gold:   353        SH:  5    Dex: 17    Spells: 10/12 levels left

rFire   . . .        b - melded +0 scimitar
rCold   . . .        A - melded +3 buckler of the End {rN+}
rNeg    . . .        J - melded +2 ring mail {rF+}
rPois   .            (helmet currently unavailable)
rElec   .            (cloak currently unavailable)
rCorr   .            (gloves currently unavailable)
SInv    .            h - melded -2 pair of boots of the Farmer {rElec Dex+3 Stlth-}
Will    .....        H - amulet of reflection
Stlth   ++           r - melded +5 ring of evasion
HPRegen 0.31/turn    B - melded ring of protection from cold
MPRegen 0.13/turn

%: reflection
@: pig-form (expiring), corroded, very quick
A: fast, no casting, small, (icy blue scales 1), (spiny 2)
a: no special abilities


You were on level 6 of the Dungeon.
You were a filthy swine.
You visited 2 branches of the dungeon, and saw 10 of its levels.

You collected 409 gold pieces.
You spent 56 gold pieces at shops.

Inventory:

Hand Weapons
 a - a +0 sling of draining
 b - a +0 scimitar (melded)
 e - a +0 dagger of venom
 p - a +0 quick blade
 M - a +0 shortbow
Missiles
 d - 15 poisoned darts (quivered)
 i - 12 javelins
 o - 8 boomerangs of dispersal
 s - 11 boomerangs
Armour
 h - the -2 pair of boots of the Farmer (melded) {rElec Dex+3 Stlth-}
   (You found it on level 7 of the Dungeon)

   Dex:       It affects your dexterity (+3).
   rElec:     It insulates you from electricity.
   Stlth:     It makes you less stealthy.
 A - the +3 buckler of the End (melded) {rN+}
   (You found it on level 4 of the Dungeon)

   rN:        It protects you from negative energy.
 J - a +2 ring mail of fire resistance (melded)
Jewellery
 r - a +5 ring of evasion (melded)
 z - a ring of willpower
 B - a ring of protection from cold (melded)
 D - a ring of ice
 H - an amulet of reflection (around neck)
Wands
 f - a wand of digging (3)
 y - a wand of acid (14)
 K - a wand of polymorph (8)
Scrolls
 c - a scroll of blinking
 g - 4 scrolls of teleportation
 j - 4 scrolls of fear {unknown}
 k - 2 scrolls of noise {unknown}
 n - 2 scrolls of poison {unknown}
 q - 2 scrolls of amnesia {unknown}
 u - 2 scrolls of immolation {unknown}
 v - a scroll of enchant armour {unknown}
 x - 3 scrolls of magic mapping
 C - 3 scrolls of enchant weapon {unknown}
 E - 2 scrolls of fog {unknown}
Potions
 l - 2 potions of attraction
 m - a potion of mutation
 t - 3 potions of might
 w - 2 potions of magic
 F - 5 potions of curing
 G - a potion of haste
 I - a potion of ambrosia
 L - a potion of heal wounds {unknown}


   Skills:
 + Level 4.7 Fighting
 + Level 4.9 Long Blades
 + Level 5.8 Ranged Weapons
 + Level 1.4 Throwing
 * Level 5.0 Armour
 + Level 3.5 Dodging
 + Level 1.3 Stealth
 + Level 0.2 Unarmed Combat
 - Level 2.0 Spellcasting
 + Level 4.0 Translocations


You had 10 spell levels left.
You knew the following spells:

 Your Spells              Type           Power      Damage    Failure   Level
a - Blink                 Tloc           26%        N/A       6%          2

Your spell library contained the following spells:

 Spells                   Type           Power      Damage    Failure   Level
 Lesser Beckoning         Tloc           26%        N/A       6%          2
 Teleport Other           Tloc           13%        N/A       13%         3
 Sting                    Tmut/Pois      4%         1d3       22%         1
 Vhi's Electric Charge    Tloc/Air       14%        N/A       28%         3
 Volatile Blastmotes      Fire/Tloc      14%        2d11      28%         3
 Poisonous Vapours        Pois/Air       2%         N/A       32%         2
 Manifold Assault         Tloc           13%        N/A       38%         4
 Inner Flame              Hex/Fire       1%         N/A       54%         3
 Stone Arrow              Conj/Erth      2%         3d7       54%         3
 Iskenderun's Mystic Bla  Conj/Tloc      7%         2d4       67%         4
 Animate Armour           Summ/Erth      2%         N/A       91%         4
 Flame Wave               Conj/Fire      1%         2d4       91%         4
 Fulminant Prism          Conj/Hex       0%         3d5       91%         4
 Olgreb's Toxic Radiance  Pois           1%         N/A       91%         4
 Sticky Flame             Conj/Fire      1%         2d3       91%         4
 Lee's Rapid Deconstruct  Erth           0%         3d4*      99%         5
 Discord                  Hex            0%         N/A       100%        8
 Ignition                 Fire           0%         3d3       100%        8
 Lehudib's Crystal Spear  Conj/Erth      0%         10d2      100%        8


Dungeon Overview and Level Annotations

Branches:
Dungeon (9/15)             Temple (1/1) D:6
   Lair: D:8-11         Orc: D:9-12

Altars:
Ashenzari
Dithmenos
Fedhas
Gozag
Hepliaklqana
Kikubaaqudgha
Makhleb
Okawaru
Qazlal
Ru
Sif Muna
Trog
Vehumet
Wu Jian
Xom

Shops:
D:1 *   D:8 =!

Annotations:
D:6 Dowan


Innate Abilities, Weirdness & Mutations

You are a filthy swine.
You move quickly.
Your equipment is almost entirely melded.
You are incapable of wielding weapons or throwing items.
You cannot cast spells.
((You are partially covered in icy blue scales. (AC +2)))
((You are mostly covered in sharp spines.))


Message History

You can't do that in your present form.
Aiming: Polymorph
Press: ? - help, Shift-Dir - straight line, f - Dowan
Aim: Dowan, wielding a +0 dagger and wearing a +0 robe (moderately wounded, fast, will become a quokka, a goblin, or a jelly, chance to affect: 49%) Dowan resists with some effort.
You block Dowan's attack. Dowan closely misses you.
Unknown command.
Aiming: Polymorph
Press: ? - help, Shift-Dir - straight line, f/p - Dowan
Aim: Dowan, wielding a +0 dagger and wearing a +0 robe (moderately wounded, fast, will become a quokka, a goblin, or a jelly, chance to affect: 49%) Dowan evaporates and reforms as a jelly!
Dowan hits you.
You are splashed with acid!
* * * LOW HITPOINT WARNING * * *
You hit Dowan.
Your front trotters burn!
* * * LOW HITPOINT WARNING * * *
Dowan is lightly wounded.
Aiming: Polymorph
Press: ? - help, Shift-Dir - straight line, f/p - Dowan
Aim: Dowan the jelly (lightly wounded, will become a steam dragon, a river rat, or a tengu, chance to affect: 57%)
Okay, then.
Okay, then.
Okay, then.
You feel better.
Your transformation is almost over.
Dowan barely misses you.
You hit Dowan but do no damage.
Your front trotters burn!
* * * LOW HITPOINT WARNING * * *
Dowan is lightly wounded.
Dowan misses you.
You hit Dowan. The acid corrodes you!
Your front trotters burn!
* * * LOW HITPOINT WARNING * * *
Dowan is lightly wounded.
You block Dowan's attack.
You hit Dowan but do no damage.
Your front trotters burn!
* * * LOW HITPOINT WARNING * * *
Dowan is lightly wounded.
Dowan hits you.
* * * LOW HITPOINT WARNING * * *
You are splashed with acid!
You die...

#......# #...# ##..########
#......# ###.###.....#
#......# #..##.....#
#......# ##.##.....#
#.>....# ####.###.####
#......# ##.....##.# ####
#......###.........#### #...
#......##.............# #...
#......##..h.......##.# #...
######....J.......###.###...
#.##.........# #.......
#.##.........# #####...
#.##.........# #...
#..........>.# #..!
####.........# ##..<
#.........# #....
#.........######.###


You could see Dowan the jelly.

Vanquished Creatures
  2 ice beasts
  A sky beast (D:8)
  Duvessa (D:7)
  An orc warrior (D:8)
  2 black bears
  An ogre (D:4)
  A phantom (D:6)
  A centaur (D:8)
  Blork the orc (D:4)
  4 bullfrogs
  3 scorpions
  A wight (D:5)
  4 howler monkeys
  A hound (D:5)
  An orc priest (D:6)
  A jelly (D:9)
  2 sleepcaps
  2 iguanas
  6 orc wizards
  3 gnolls (D:3)
  10 adders
  A shadow imp (D:8)
  2 white imps
  3 ufetubi
  A worm (D:3)
  20 orcs
  5 ball pythons
  9 endoplasms
  3 giant cockroaches
  7 goblins
  8 hobgoblins
  9 jackals
  8 kobolds
  4 quokkas
  5 bats
  2 frilled lizards
  2 rats
138 creatures vanquished.

Notes
Turn   | Place    | Note
-------+----------+-------------------------------------------
     0 | D:1      | monsoonserge the Demonspawn Warper began the quest for the
                  | Orb.
     0 | D:1      | Reached XP level 1. HP: 16/16 MP: 3/3
    95 | D:1      | Gained mutation: You are partially covered in sharp spines.
                  | [demonic ancestry]
    95 | D:1      | Reached XP level 2. HP: 22/22 MP: 5/5
   138 | D:1      | Learned a level 2 spell: Blink
   218 | D:1      | Reached skill level 1 in Armour
   275 | D:1      | Found Wefoarph's Assorted Antiques.
   306 | D:1      | Reached XP level 3. HP: 28/28 MP: 6/6
   894 | D:2      | Found a shimmering blue altar of Sif Muna.
  1211 | D:3      | Reached skill level 1 in Ranged Weapons
  1400 | D:3      | Reached XP level 4. HP: 34/34 MP: 7/7
  1540 | D:4      | Noticed a black bear
  1565 | D:4      | Killed a black bear
  1566 | D:4      | Reached skill level 1 in Throwing
  1566 | D:4      | Reached XP level 5. HP: 8/39 MP: 3/8
  1722 | D:4      | Identified the +3 buckler of the End {rN+}
  1974 | D:4      | Noticed an ogre
  1978 | D:4      | Noticed an ice beast
  1981 | D:4      | Killed an ogre
  2002 | D:4      | Killed an ice beast
  2003 | D:4      | Reached XP level 6. HP: 24/47 MP: 9/9
  2421 | D:4      | Noticed Blork the orc
  2430 | D:4      | Killed Blork the orc
  2974 | D:3      | Gained mutation: You are mostly covered in sharp spines.
                  | [demonic ancestry]
  2974 | D:3      | Reached XP level 7. HP: 52/52 MP: 10/10
  3215 | D:5      | Entered Level 5 of the Dungeon
  3399 | D:5      | Found a radiant altar of Vehumet.
  3481 | D:5      | Found a shimmering altar of Xom.
  3575 | D:5      | Reached skill level 1 in Stealth
  4020 | D:6      | Found a blossoming altar of Fedhas.
  4168 | D:6      | Gained mutation: You are partially covered in icy blue
                  | scales. (AC +2) [demonic ancestry]
  4168 | D:6      | Reached XP level 8. HP: 39/59 MP: 11/11
  4286 | D:6      | Reached skill level 5 in Ranged Weapons
  4335 | D:6      | Found a staircase to the Ecumenical Temple.
  4359 | Temple   | Entered the Ecumenical Temple
  4930 | D:7      | Identified the -2 pair of boots of the Farmer {rElec Dex+3
                  | Stlth-}
  5105 | D:7      | Noticed Duvessa
  5105 | D:7      | Noticed Dowan
  5167 | D:8      | Found Ximo Heth's Jewellery Emporium.
  5318 | D:8      | Reached XP level 9. HP: 42/66 MP: 12/12
  5737 | D:8      | Found Deculi's Distillery.
  5743 | D:8      | Bought a potion of curing for 42 gold pieces
  5743 | D:8      | Bought a potion of degeneration for 14 gold pieces
  6105 | D:7      | Killed Duvessa
  6106 | D:7      | Reached skill level 5 in Armour
  6111 | D:6      | Dowan changed into Dowan the jelly
  6111 | D:6      | Noticed Dowan
  6116 | D:6      | HP: 3/66 [Dowan the jelly (1)]
  6116 | D:6      | Splashed by Dowan the jelly's acid

Illustrated notes

Levels and vault maps discovered:
D:1:      lightli_arrival_statuegarden, layout_rooms, serial_shops, shop,
          st_stairs_13, minmay_pentomino_t4
D:2:      layout_loops_ring, basic_altar, kennysheep_another_room, st_stairs_1
D:3:      layout_rooms
D:4:      layout_basic, uniq_blork_the_orc
D:5:      layout_loops_ring, nicolae_overflow_crystal_walls,
          mainiacjoe_overflow_24_doors, nrook_mini_vaults,
          chequers_serial_rivers_marsh, st_stairs_3
D:6:      layout_rooms, fedhas_altar_3, minmay_temple_entry_large_hall
D:7:      layout_basic, general_overflow_altar, uniq_duvessa
D:8:      layout_rooms, serial_shops, shop, nicolae_diamond_shop,
          kennysheep_generic_room_12
D:9:      layout_cross, lemuel_coloured_pillars_altar, orc_0_dummy
Temple:   oiseaux_autumnal_temple

Skill      XL: |  1  2  3  4  5  6  7  8  9 |
---------------+----------------------------+-----
Translocations | 3 4 |  4.0
Dodging        | 2 3 |  3.5
Armour         | 1 2 3 4 5 |  5.0
Long Blades    | 2 3 4 |  4.9
Ranged Weapons | 1 2 3 4 5 |  5.8
Throwing       | 1 |  1.4
Fighting       | 3 4 |  4.7
Stealth        | 1 |  1.3
Unarmed Combat | |  0.2
Spellcasting   | |  2.0

Action                     |  1- 3 |  4- 6 |  7- 9 || total
---------------------------+-------+-------+-------++-------
  Melee: Falchion          |    62 |    70 |   223 ||   355
         Punch             |     2 |       |       ||     2
         Unarmed           |       |       |    11 ||    11
         Scimitar          |       |       |    18 ||    18
   Fire: Sling             |    53 |    51 |    64 ||   168
  Throw: Dart              |     1 |     1 |     9 ||    11
   Cast: Blink             |       |     2 |       ||     2
  Evoke: Wand              |       |       |     2 ||     2
    Use: Scroll            |       |       |     9 ||     9
         Potion            |       |       |     1 ||     1
 Armour: Leather armour    |    31 |    11 |       ||    42
         Ring mail         |       |       |    42 ||    42
  Dodge: Dodged            |    75 |    86 |   121 ||   282
  Block: Buckler           |       |    27 |   159 ||   186
         Reflection        |       |       |     1 ||     1
         Other             |       |       |     2 ||     2
